 Dungeon Crawl Stone Soup version 0.30-b1-2-g02819fbbbe (webtiles) character file.

Game seed: 1278650005500698096

10318 rdm the Frost Mage (level 11, -1/75 HPs)
             Began as a Human Ice Elementalist on June 10, 2023.
             Was a Believer of Sif Muna.
             Slain by an orc warlord
             ... wielding a +2 great mace
              (28 damage)
             ... on level 2 of the Orcish Mines.
             The game lasted 01:18:24 (12124 turns).

rdm the Frost Mage (Human Ice Elementalist)        Turns: 12124, Time: 01:18:25

Health: -1/75      AC:  8    Str:  9    XL:     11   Next: 90%
Magic:  8/22       EV: 25    Int: 19    God:    Sif Muna [**....]
Gold:   637        SH:  5    Dex: 14    Spells: 9/25 levels left

rFire   . . .        d - +4 short sword (flame)
rCold   . . .        (no shield)
rNeg    + . .        c - +5 robe of Misfortune {Harm *Corrode *Slow EV+5}
rPois   .            L - +0 helmet
rElec   .            G - scarf {harm}
rCorr   .            (no gloves)
SInv    .            (no boots)
Will    .....        C - amulet of reflection
Stlth   +++          j - +5 ring of evasion
HPRegen 0.32/turn    x - ring of positive energy
MPRegen 0.18/turn

%: corrode self (3%), slow self (1%), harm (+45% outgoing, +30% incoming),
reflection
@: no status effects
A: no striking features
a: Renounce Religion, Channel Magic


You were on level 2 of the Orcish Mines.
You worshipped Sif Muna.
Sif Muna was pleased with you.
You visited 3 branches of the dungeon, and saw 13 of its levels.
You also visited: Bailey.

You collected 1177 gold pieces.
You spent 540 gold pieces at shops.

Inventory:

Hand Weapons
 d - a +4 short sword of flaming (weapon)
 h - a +0 spear
 k - a +1 dagger of speed
 H - a +5 short sword of freezing
Armour
 a - a +1 robe
 c - the +5 robe of Misfortune (worn) {Harm *Corrode *Slow EV+5}
   (You took it off a hobgoblin on level 2 of the Dungeon)

   EV:        It affects your evasion (+5).
   *Corrode:  It may corrode you when you take damage.
   *Slow:     It may slow you when you take damage.
   Harm:      It increases damage dealt and taken.
 G - a scarf of harm (worn)
 L - a +0 helmet (worn)
Jewellery
 j - a +5 ring of evasion (left hand)
 n - a ring of flight
 o - an amulet of regeneration
 r - a ring of see invisible
 w - an amulet of regeneration
 x - a ring of positive energy (right hand)
 C - an amulet of reflection (around neck)
 M - a ring of magical power
Scrolls
 u - a scroll of noise
 y - 2 scrolls of vulnerability
 z - 3 scrolls of enchant armour
 B - 3 scrolls of butterflies
 E - a scroll of silence {unknown}
 F - a scroll of magic mapping
 I - 4 scrolls of teleportation
 J - a scroll of amnesia
 K - a scroll of acquirement {unknown}
Potions
 b - 3 potions of magic
 e - a potion of curing
 f - 3 potions of cancellation
 g - a potion of resistance {unknown}
 i - 7 potions of mutation
 l - 3 potions of flight {unknown}
 m - a potion of haste {unknown}
 p - a potion of lignification {unknown}
 q - 2 potions of attraction {unknown}
 s - a potion of berserk rage {unknown}
 t - 2 potions of brilliance {unknown}
 v - a potion of might {unknown}
 A - a potion of ambrosia {unknown}
 D - a potion of invisibility {unknown}
Miscellaneous
 N - a lightning rod (inert)


   Skills:
 + Level 3.0 Fighting
 * Level 6.8 Short Blades
 + Level 0.2 Polearms
 * Level 7.2 Dodging
 + Level 3.9 Stealth
 - Level 2.1 Shields
 + Level 7.5 Spellcasting
 + Level 0.5 Hexes
 + Level 3.2 Summonings
 * Level 11.8 Ice Magic
 + Level 0.3 Evocations


You had 9 spell levels left.
You knew the following spells:

 Your Spells              Type           Power      Damage    Failure   Level
a - Freeze                Ice            100%       1d10      1%          1
b - Ozocubu's Armour      Ice            51%        N/A       1%          3
c - Frozen Ramparts       Ice            100%       1d16      1%          3
d - Summon Ice Beast      Ice/Summ       35%        N/A       4%          4
e - Metabolic Englaciati  Hex/Ice        15%        N/A       22%         5

Your spell library contained the following spells:

 Spells                   Type           Power      Damage    Failure   Level
 Slow                     Hex            36%        N/A       8%          1
 Call Canine Familiar     Summ           19%        N/A       8%          3
 Apportation              Tloc           14%        N/A       10%         1
 Confusing Touch          Hex            9%         N/A       24%         3
 Portal Projectile        Hex/Tloc       16%        N/A       26%         3
 Vampiric Draining        Necr           7%         2d6       28%         3
 Leda's Liquefaction      Hex/Erth       4%         N/A       65%         4
 Petrify                  Tmut/Erth      7%         N/A       67%         4
 Alistair's Intoxication  Tmut/Pois      4%         N/A       95%         5
 Statue Form              Tmut/Erth      4%         N/A       100%        6


Dungeon Overview and Level Annotations

Branches:
Dungeon (10/15)            Temple (1/1) D:7            Lair (0/5) D:10
    Orc (2/2) D:9             Elf (0/3) Orc:2        Bailey (visited)

Altars:
Cheibriados
Dithmenos
Fedhas
Gozag
Hepliaklqana
Nemelex Xobeh
Okawaru
Ru
Sif Muna
Trog
Uskayaw
Vehumet
Wu Jian
Xom
Yredelemnul
The Shining One

Shops:
D:7 *   D:8 *   Orc:1 =

Annotations:
D:3 Sigmund
D:8 2 transporters


Message History

The orc no longer looks unusually strong.
The orc warlord roars a battlecry!
The orc goes into a battle-frenzy!
You block the orc warrior's attack.
Your ice beast barely misses the orc warlord.
Your ice beast hits the orc.
Your ice beast freezes the orc!
The orc dies!
Sif Muna accepts your kill.
The orc warrior no longer looks unusually strong.
Your ice beast barely misses the orc warrior.
Your ice beast hits the orc warrior.
Your ice beast freezes the orc warrior!
The orc warrior dies!
Sif Muna accepts your kill.
Items here: ))) [[.
Casting: Summon Ice Beast (dangerous; 4% risk of failure)
Confirm with . or Enter, or press ? or * to list all spells.
Casting: Frozen Ramparts (safe; 1% risk of failure)
Press: ? - help, Dir - look around, f - activate The walls around you are covered in ice.
Aiming: Freeze (safe; 1% risk of failure)
Press: ? - help, Q - select action, (/) - cycle Shift-Dir - straight line, f - orc warlord
Aim: an orc warlord, wielding a +2 great mace and wearing a +0 chain mail (moderately wounded, ally target)
You freeze the orc warlord.
The orc warlord is moderately wounded.
The wall freezes the orc warlord.
The orc warlord hits you with a +2 great mace!!
Your frozen ramparts will break if you move.
Continue?
The frozen ramparts melt away as you move.
There is a stone staircase leading up, spattered with blood here.
The orc warlord hits you with a +2 great mace!!
* * * LOW HITPOINT WARNING * * *
There is a stone staircase leading up, spattered with blood here.
You feel better. The orc warlord misses you.
Your ice beast hits the orc warlord but does no damage.
The orc warlord attacks as you move away!
The orc warlord completely misses you.
You see here a +0 falchion.
The orc warlord attacks as you move away!
The orc warlord hits you with a +2 great mace!!
You die...

##......##......###
#......#.......#
#..........#.###
##.........###
##.........#
##.......##
##.........#
##).........###
#.o@..........##
##.Y...#........##
#.).[..##.#......##
##.))#######......#
##.[)...#........##
#...)...#.....####
####...........#
### ##...)....###
#.. #....)####
###.#


You could see an orc warlord (ally target) and a friendly ice beast (summoned).

Vanquished Creatures
  An orc knight (Orc:1)
  5 orc sorcerers (Orc:2)
  2 trolls (Orc:1)
  6 yaks (D:9)
  A shadow (D:10)
  A wyvern (D:9)
  A fire elemental (Orc:1)
  2 wargs
  Duvessa (D:6)
  An ice beast (D:5)
  13 orc warriors
  A sky beast (D:7)
  A black bear (D:4)
  4 centaurs
  4 ogres
  A phantom (D:5)
  A nameless horror (Orc:1)
  3 bullfrogs
  A gnoll sergeant (D:9)
  8 wights
  Dowan (D:6)
  An electric eel (D:8)
  2 jellies
  5 hounds
  7 orc priests
  A sleepcap (D:5)
  A gnoll bouda (D:5)
  An iguana (D:4)
  14 orc wizards
  13 gnolls
  9 adders
  2 shadow imps
  2 white imps (D:7)
  3 ufetubi
  A worm (D:5)
  2 dart slugs
  49 orcs
  6 bats
  A bat skeleton (D:2)
  4 endoplasms
  3 giant cockroaches
  12 hobgoblins
  8 jackals (D:4)
  4 quokkas
  7 ball pythons
  A ball python zombie (D:2)
  3 frilled lizards
  13 goblins
  12 kobolds
  3 rats (D:1)
249 creatures vanquished.

Vanquished Creatures (collateral kills)
  A two-headed ogre (D:8)
  7 orc warriors (Orc:2)
  5 ogres
  A howler monkey (D:9)
  An orc wizard (Orc:2)
  15 orcs
30 creatures vanquished.

Vanquished Creatures (others)
  57 plants (D:4)
57 creatures vanquished.

Grand Total: 336 creatures vanquished

Notes
Turn   | Place    | Note
-------+----------+-------------------------------------------
     0 | D:1      | rdm the Human Ice Elementalist began the quest for the Orb.
     0 | D:1      | Reached XP level 1. HP: 13/13 MP: 3/3
   133 | D:1      | Found a faded altar of an unknown god.
   164 | D:1      | Reached XP level 2. HP: 19/19 MP: 1/5
   783 | D:1      | Reached XP level 3. HP: 24/24 MP: 3/6
  1423 | D:2      | Learned a level 3 spell: Ozocubu's Armour
  1643 | D:2      | Reached XP level 4. HP: 30/30 MP: 3/7
  1943 | D:2      | Learned a level 3 spell: Frozen Ramparts
  2029 | D:2      | HP: 1/30 [hobgoblin/+0 hand axe (9)]
  2173 | D:3      | Found an ornate altar of the Wu Jian Council.
  2193 | D:3      | Reached skill level 5 in Ice Magic
  2211 | D:3      | Noticed Sigmund
  2223 | D:4      | Noticed an ogre
  2289 | D:3      | Reached XP level 5. HP: 35/35 MP: 3/8
  3064 | D:4      | Noticed a black bear
  3070 | D:4      | Killed a black bear
  3071 | D:4      | Reached XP level 6. HP: 39/42 MP: 2/10
  3445 | D:4      | Killed an ogre
  3446 | D:4      | Reached skill level 6 in Ice Magic
  3446 | D:4      | Reached XP level 7. HP: 42/47 MP: 2/12
  3612 | D:4      | Noticed a water moccasin
  3870 | D:4      | Learned a level 4 spell: Summon Ice Beast
  3976 | D:4      | Reached skill level 1 in Short Blades
  4156 | D:5      | Entered Level 5 of the Dungeon
  4286 | D:5      | Reached skill level 7 in Ice Magic
  4286 | D:5      | Reached XP level 8. HP: 13/53 MP: 7/14
  4479 | D:5      | Reached skill level 1 in Fighting
  5402 | D:6      | Found a hazy altar of Hepliaklqana.
  5403 | D:6      | Found a shimmering altar of Xom.
  5404 | D:6      | Noticed a spectral ugly thing
  5512 | D:6      | Noticed Duvessa
  5556 | D:6      | Noticed Dowan
  5582 | D:6      | Killed Duvessa
  5583 | D:6      | Reached XP level 9. HP: 43/60 MP: 3/16
  5589 | D:6      | Killed Dowan
  6036 | D:7      | Found a flagged portal.
  6096 | D:7      | Found Entonlau's Overcharged Wands.
  6429 | D:7      | Found a staircase to the Ecumenical Temple.
  6497 | Bailey   | Entered a bailey
  6512 | Bailey   | Noticed an orc warlord
  6512 | Bailey   | Found the +8 arc blade {discharge, rElec}
  6573 | Bailey   | Reached skill level 5 in Spellcasting
  6573 | Bailey   | Reached skill level 8 in Ice Magic
  6602 | Bailey   | Found a runed translucent gate.
  6604 | Bailey   | Found a runed translucent gate.
  6607 | Bailey   | Found a runed translucent gate.
  7180 | D:8      | Reached skill level 5 in Dodging
  7327 | D:8      | Found Ugupny's Changing Room.
  7465 | D:8      | Found a snail-covered altar of Cheibriados.
  7465 | D:8      | Noticed a centaur warrior
  7466 | D:8      | Found a basalt altar of Yredelemnul.
  7467 | D:8      | Found a sparkling altar of Nemelex Xobeh.
  7467 | D:8      | Noticed a white ugly thing
  7668 | D:8      | Found a transporter.
  7682 | D:8      | Found a transporter.
  7719 | D:8      | You fall into a shaft and drop 2 floors!
  7719 | D:10     | Entered Level 10 of the Dungeon
  7720 | D:10     | Noticed a komodo dragon
  7724 | D:10     | Noticed a komodo dragon
  7798 | D:10     | Noticed a two-headed ogre
  7812 | D:9      | Reached skill level 1 in Shields
  7957 | D:8      | Reached skill level 5 in Short Blades
  7957 | D:8      | Reached skill level 9 in Ice Magic
  7973 | D:8      | Reached XP level 10. HP: 67/67 MP: 18/18
  7999 | Temple   | Entered the Ecumenical Temple
  8112 | Temple   | Became a worshipper of Sif Muna the Loreminder
  8276 | D:8      | Noticed a two-headed ogre
  8299 | D:8      | Killed a two-headed ogre
  8541 | D:8      | Found a blossoming altar of Fedhas.
  8544 | D:8      | Found an opulent altar of Gozag.
  8957 | D:9      | Reached skill level 1 in Summonings
  9112 | D:9      | Found a shadowy altar of Dithmenos.
  9148 | D:9      | Reached * piety under Sif Muna
  9211 | D:9      | Found a staircase to the Orcish Mines.
  9883 | Orc:1    | Entered Level 1 of the Orcish Mines
  9888 | Orc:1    | Reached skill level 10 in Ice Magic
 10436 | Orc:1    | Reached XP level 11. HP: 74/74 MP: 13/20
 10808 | Orc:1    | Found Cium Dups's Jewellery Shoppe.
 10822 | Orc:1    | Bought a +5 ring of evasion for 540 gold pieces
 11068 | Orc:2    | Entered Level 2 of the Orcish Mines
 11068 | Orc:2    | Noticed an orc knight
 11086 | Orc:1    | Killed an orc knight
 11087 | Orc:1    | Reached skill level 11 in Ice Magic
 11197 | Orc:2    | Reached ** piety under Sif Muna
 11278 | Orc:2    | Found a staircase to the Elven Halls.
 11301 | Orc:2    | Learned a level 5 spell: Metabolic Englaciation
 11467 | Orc:2    | Noticed an orc sorcerer
 11491 | Orc:2    | Killed an orc sorcerer
 12042 | Orc:2    | Noticed an orc sorcerer
 12056 | Orc:2    | Noticed an orc sorcerer
 12063 | Orc:2    | Noticed an orc sorcerer
 12064 | Orc:2    | Noticed an orc sorcerer
 12065 | Orc:2    | Killed an orc sorcerer
 12067 | Orc:2    | Killed an orc sorcerer
 12067 | Orc:2    | Killed an orc sorcerer
 12069 | Orc:2    | Noticed an orc warlord
 12073 | Orc:2    | Killed an orc sorcerer
 12124 | Orc:2    | Slain by an orc warlord

Illustrated notes

Levels and vault maps discovered:
D:1:      eino_arrival_tree_alley, layout_loops_ring,
          chequers_ecumenical_altar_simple
D:2:      layout_rooms, serial_undead, serial_undead_d, serial_undead_b,
          serial_undead_c, serial_undead_e, fountainhead
D:3:      layout_basic, nicolae_wu_jian_wuxing_cycle, lightli_sewer_entry_pipes,
          grunt_decor_mini_mirrors, uniq_sigmund
D:4:      minmay_inner_zag, layout_cave_pools, lightli_temple_of_fire,
          serial_bayou, serial_bayou_lagoon_a, serial_bayou_shore_b,
          serial_bayou_ford_a, serial_bayou_pond_d
D:5:      layout_loops_ring
D:6:      layout_loops_ring, regret_index_temple_of_mockery, serial_rivers,
          chequers_serial_rivers_micro_a, chequers_serial_rivers_micro_c,
          chequers_serial_rivers_micro_a, chequers_serial_rivers_micro_d,
          chequers_serial_rivers_small_b, uniq_duvessa
D:7:      layout_loops_ring, minmay_temple_entry_from_below_a, enter_bailey_5,
          nicolae_shop_overcharged_wands
D:8:      layout_rooms, nicolae_overflow_squiral,
          gammafunk_temple_overflow_arena, nicolae_transmutations_shop,
          nicolae_elevator_lobby_plus
D:9:      layout_basic, mainiacjoe_overflow_catwalk, hiddenorc1_lemuel
D:10:     layout_cave_pools, nicolae_qazlal_scattered_showers, erik_lair_dragon,
          serial_shops, nicolae_shop_behind_doors
Temple:   bh_familiar_temple
Orc:1:    layout_diamond_mine, enter_volcano_2, nicolae_orc_lava_tube,
          nicolae_orc_pool_cavern, minmay_shop_enchanted_jewellery,
          dreamdust_deal_with_the_devil
Orc:2:    st_orc_congregation, layout_diamond_mine

Skill      XL: |  1  2  3  4  5  6  7  8  9 10 11 |
---------------+----------------------------------+-----
Ice Magic      | 5 6 7 9 10 11 | 11.8
Dodging        | 3 4 5 6 7 |  7.2
Spellcasting   | 3 4 5 6 7 |  7.5
Short Blades   | 1 3 5 6 |  6.8
Fighting       | 1 2 3 |  3.0
Stealth        | 3 |  3.9
Shields        | 1 2 |  2.1
Summonings     | 1 3 |  3.2
Polearms       | |  0.2
Hexes          | |  0.5
Evocations     | |  0.3

Action                     |  1- 3 |  4- 6 |  7- 9 | 10-12 || total
---------------------------+-------+-------+-------+-------++-------
  Melee: Unarmed           |    17 |       |       |       ||    17
         Spear             |    17 |       |       |       ||    17
         Dagger            |     4 |    53 |     1 |       ||    58
         Punch             |       |     2 |     7 |     1 ||    10
         Short sword       |       |       |   342 |   107 ||   449
   Cast: Freeze            |    45 |    47 |    38 |    32 ||   162
         Ozocubu's Armour  |     2 |     2 |    10 |     1 ||    15
         Frozen Ramparts   |       |     8 |    24 |    26 ||    58
         Summon Ice Beast  |       |       |     1 |    33 ||    34
         Metabolic Englaci |       |       |       |     1 ||     1
  Evoke: Lightning rod     |       |       |       |     6 ||     6
    Use: Scroll            |     3 |     8 |    13 |     1 ||    25
         Potion            |       |     1 |     3 |     4 ||     8
   Stab: Sleeping          |       |       |     1 |       ||     1
         Distracted        |       |       |       |     2 ||     2
 Armour: Robe              |    29 |    22 |    66 |    14 ||   131
  Dodge: Dodged            |    47 |    65 |   300 |   116 ||   528
  Block: Other             |       |       |    44 |    35 ||    79
         Reflection        |       |       |     4 |     3 ||     7
